 Dungeon Crawl Stone Soup version 0.21.0-3-g78d12a8 (webtiles) character file.

1270 komo4ek the Covert (level 8, -2/75 HPs)
             Began as an Octopode Assassin on Jan 8, 2018.
             Was an Initiate of Dithmenos.
             Killed by divine providence
             ... invoked by an orc priest
              (12 damage)
             ... on level 7 of the Dungeon.
             The game lasted 00:16:31 (6183 turns).

komo4ek the Covert (Octopode Assassin)              Turns: 6183, Time: 00:16:32

Health: -2/75      AC: 24    Str: 15    XL:     8   Next: 53%
Magic:  7/7        EV:  2    Int: 12    God:    Dithmenos [......]
Gold:   472        SH:  0    Dex: 15    Spells: 7/7 levels left

rFire    . . .     SeeInvis .   a - +2 dagger
rCold    . . .     Gourm    .   (no shield)
rNeg     + + +     Faith    .   (helmet currently unavailable)
rPois    +         Spirit   .   (no amulet)
rElec    .         Reflect  .   y - ring of stealth
rCorr    .         Harm     .   C - ring of positive energy
MR       .....     NoTele   +   (no ring)
Stlth    ++++++....             (no ring)
HPRegen  0.22/turn              (no ring)
MPRegen  0.10/turn              (no ring)
                                (no ring)
                                (no ring)

@: mighty, tree-form, hasted, very quick
A: almost no armour, stealthy swim, (amphibious), 8 rings, (constrict 8), dopey
1, low mp 1
a: Renounce Religion


You were on level 7 of the Dungeon.
You worshipped Dithmenos.
Dithmenos was noncommittal.
You were not hungry.
You were a tree.
You visited 1 branch of the dungeon, and saw 7 of its levels.

You collected 472 gold pieces.

Inventory:

Hand Weapons
 a - a +2 dagger (weapon)
 b - a +0 blowgun
Missiles
 c - 34 poisoned needles
 d - 2 curare-tipped needles
 E - 2 throwing nets (quivered)
Jewellery
 y - a ring of stealth (left branch)
 C - a ring of positive energy (right branch)
Wands
 w - a wand of polymorph (10)
 G - a wand of paralysis (12)
Scrolls
 e - 4 scrolls of amnesia
 g - a scroll of noise {unknown}
 h - a scroll of random uselessness
 i - 2 scrolls of remove curse
 k - 7 scrolls of identify {unknown}
 n - 3 scrolls of teleportation {unknown}
 o - a scroll of enchant armour {unknown}
 q - 2 scrolls of blinking {unknown}
 s - 2 scrolls of magic mapping {unknown}
 t - a scroll of enchant weapon {unknown}
 A - a scroll of immolation {unknown}
 D - 2 scrolls of torment {unknown}
 H - a scroll of brand weapon {unknown}
Potions
 p - 2 potions of lignification
 v - a potion of agility
 x - a potion of brilliance
 z - 2 potions of flight {unknown}
 B - a potion of mutation
Comestibles
 f - 8 rations


   Skills:
 - Level 2.0 Fighting
 + Level 3.2 Short Blades
 - Level 2.0 Throwing
 + Level 2.6 Dodging
 * Level 13.6 Stealth


You had 7 spell levels left.
You didn't know any spells.

Dungeon Overview and Level Annotations

Branches:
Dungeon (7/15)             Temple (0/1) D:6

Altars:
Dithmenos
Gozag
Makhleb
Ru
Sif Muna
Trog
Yredelemnul
Zin

Shops:
D:7 }


Innate Abilities, Weirdness & Mutations

You cannot wear most types of armour.
You are very stealthy in the water. (Stealth+)
((You are amphibious.))
You can wear up to eight rings at the same time.
((You can use your tentacles to constrict eight enemies at once.))
((Your skin changes colour to match your surroundings (Stealth+).))
((Your rubbery body absorbs attacks. (AC +1, EV +1)))
((You are partially covered in icy blue scales. (AC +2)))
You are dopey. (Int -2)
Your magical capacity is low. (-10% MP)


Message History

You feel very mighty all of a sudden. The orc hits you but does no damage.
It was a potion of haste.
You feel yourself speed up.
It was a potion of lignification.
You turn into a tree.
Your roots penetrate the ground.
The orc hits you but does no damage.
You barely miss the orc. You puncture the orc!
You kill the orc!
Dithmenos accepts your kill.
It was a potion of magic.
Magic courses through your body.
It was a potion of curing.
You feel better.
You puncture the orc priest!
The orc priest is almost dead.
The orc priest hits you.
* * * LOW HITPOINT WARNING * * *
You hit the orc priest but do no damage.
The orc priest is almost dead.
The orc priest invokes the aid of Beogh against you.
Beogh smites you!
You die...

####....###.#.##..#
#....# #.#.##..# ......#
###.##..#
.......#####.##o.#
..................#####
......................#
#.#..#####.##..#####
#.#..#####o##.>#
#####(........♣##..###
(....................#
.#######..#########.#####
........................#
..######.......)....##.##
#..#.#######.##.# #..#
#..#.# #.##.# ...# #..#.#
#.##.## #..# #..#.#
#.....#


You could see an orc priest.

Vanquished Creatures
  Menkaure (D:4)
  2 black bears (D:6)
  A necrophage (D:6)
  3 bullfrogs
  A howler monkey (D:5)
  2 crimson imps (D:5)
  A bullfrog zombie (D:2)
  A centaur zombie (D:6)
  A centaur skeleton (D:7)
  2 jellies
  An orc wizard (D:7)
  Crazy Yiuf (D:2)
  A bullfrog skeleton (D:5)
  Terence (D:2)
  An iguana (D:4)
  2 worker ants
  A hound skeleton (D:5)
  A howler monkey zombie (D:7)
  A worker ant zombie (D:7)
  Robin (D:2)
  5 adders
  3 gnolls (D:4)
  A shadow imp (D:5)
  2 oozes
  3 adder skeletons
  An adder zombie (D:6)
  3 worms
  2 dart slugs
  A leopard gecko (D:2)
  6 orcs
  9 bats
  4 giant cockroaches
  11 hobgoblins
  6 jackals
  10 kobolds
  A quokka (D:3)
  A ball python skeleton (D:4)
  4 frilled lizards
  11 goblins
  A leopard gecko skeleton (D:5)
  5 rats
116 creatures vanquished.

Vanquished Creatures (others)
  7 toadstools (D:1)
7 creatures vanquished.

Grand Total: 123 creatures vanquished

Notes
Turn   | Place    | Note
-------+----------+-------------------------------------------
     0 | D:1      | komo4ek the Octopode Assassin began the quest for the Orb.
     0 | D:1      | Reached XP level 1. HP: 14/14 MP: 1/1
   228 | D:1      | Reached XP level 2. HP: 13/19 MP: 2/2
   230 | D:1      | Reached skill level 6 in Stealth
   716 | D:1      | Reached XP level 3. HP: 24/24 MP: 3/3
  1041 | D:2      | Reached skill level 7 in Stealth
  1402 | D:2      | Reached XP level 4. HP: 4/29 MP: 4/4
  1528 | D:2      | Found a basalt altar of Yredelemnul.
  1761 | D:2      | Reached skill level 8 in Stealth
  1870 | D:2      | Noticed Robin
  1887 | D:2      | Killed Robin
  1931 | D:2      | Reached XP level 5. HP: 32/34 MP: 5/5
  2082 | D:2      | Noticed Terence
  2093 | D:2      | Killed Terence
  2270 | D:2      | Found a runed door.
  2274 | D:2      | Noticed Crazy Yiuf
  2279 | D:2      | Killed Crazy Yiuf
  2279 | D:2      | Reached skill level 9 in Stealth
  2733 | D:3      | Found a burning altar of Makhleb.
  2736 | D:3      | Found a glowing silver altar of Zin.
  2736 | D:3      | Noticed a cacodemon
  2736 | D:3      | Noticed an angel
  2788 | D:3      | Found a faded altar of an unknown god.
  2886 | D:3      | Found an opulent altar of Gozag.
  3014 | D:3      | Reached XP level 6. HP: 39/39 MP: 6/6
  3377 | D:4      | Reached skill level 10 in Stealth
  3694 | D:4      | Noticed Menkaure
  3888 | D:4      | Killed Menkaure
  3888 | D:4      | Reached skill level 11 in Stealth
  3973 | D:5      | Entered Level 5 of the Dungeon
  4031 | D:5      | Reached XP level 7. HP: 45/45 MP: 7/7
  4072 | D:5      | Found a shadowy altar of Dithmenos.
  4080 | D:5      | Became a worshipper of Dithmenos the Shadowed
  4233 | D:5      | Reached skill level 12 in Stealth
  4915 | D:6      | Reached XP level 8. HP: 49/49 MP: 8/8
  5139 | D:6      | Found a staircase to the Ecumenical Temple.
  5289 | D:6      | Found a bloodstained altar of Trog.
  5306 | D:6      | Reached skill level 13 in Stealth
  5452 | D:6      | Gained mutation: You are dopey. (Int -2) [potion of mutation]
  5452 | D:6      | Gained mutation: Your magical capacity is low. (-10% MP) [potion of mutation]
  5452 | D:6      | Gained mutation: You are partially covered in icy blue scales. (AC +2) [potion of mutation]
  6004 | D:7      | Found Ameimimm's Gadget Emporium.
  6017 | D:7      | Found a deep blue altar of Sif Muna.
  6032 | D:7      | Found a sacrificial altar of Ru.
  6174 | D:7      | HP: 2/49 [orc/mace (5)]
  6183 | D:7      | Killed from afar by an orc priest

Skill      XL: |  1  2  3  4  5  6  7  8 |
---------------+-------------------------+-----
Stealth        | 6 7 8 9 11 12 13 | 13.6
Dodging        | 2 |  2.6
Short Blades   | 3 |  3.2
Fighting       | |  2.0
Throwing       | |  2.0

Action                   |  1- 3 |  4- 6 |  7- 9 || total
-------------------------+-------+-------+-------++-------
Melee: Dagger            |    85 |    99 |    70 ||   254
       Constrict         |    24 |    23 |    12 ||    59
       Tentacles         |    12 |    23 |    14 ||    49
Evoke: Wand              |       |       |     1 ||     1
  Use: Potion            |       |       |    10 ||    10
       Scroll            |       |       |     3 ||     3
 Stab: Sleeping          |    11 |    21 |    11 ||    43
       Distracted        |       |       |     1 ||     1
       Paralysed         |       |       |     1 ||     1
  Eat: Ration            |     1 |     2 |     2 ||     5
Armor: Skin              |     6 |     6 |     2 ||    14
Dodge: Dodged            |    45 |    51 |    34 ||   130
